 Dungeon Crawl Stone Soup version 0.18.1-48-g4cf74bf (console) character file.

1150 Kloppie the Cudgeler (level 8, 0/80 HPs)
             Began as a Troll Berserker on July 3, 2016.
             Was a Priest of Trog.
             Killed by vampiric draining
             ... invoked by tschems's ghost
              (3 damage)
             ... while paralysed
             ... on level 5 of the Dungeon.
             The game lasted 00:06:47 (4371 turns).

Kloppie the Cudgeler (Troll Berserker)              Turns: 4371, Time: 00:06:48

Health: 0/80       AC:  5    Str: 26    XL:     8   Next: 15%
Magic:  7/7        EV:  1    Int:  3    God:    Trog [***...]
Gold:   476        SH:  0    Dex: 11    Spells: 0 memorised, 7 levels left

rFire  . . .     SeeInvis .     a - +0 flail
rCold  . . .     Gourm    +     b - +0 animal skin
rNeg   . . .     Faith    .     (no shield)
rPois  .         Spirit   .     (helmet restricted)
rElec  .         Dismiss  .     (no cloak)
rCorr  .         Reflect  .     (gloves unavailable)
SustAt .         Harm     .     (boots unavailable)
MR     .....                    (no amulet)
Stlth  +.........               (no ring)
                                (no ring)

@: paralysed, exhausted, slowed, not resistant to hostile enchantments, very
unstealthy
A: unfitting armour, claws 3, fast metabolism 3, gourmand, regeneration 2,
shaggy fur 1, tough skin 2
a: Berserk, Trog's Hand, Burn Spellbooks, Renounce Religion


You were on level 5 of the Dungeon.
You worshipped Trog.
Trog was most pleased with you.
You were very full.

You visited 1 branch of the dungeon, and saw 5 of its levels.
You also visited: Sewer and Ossuary.

You collected 476 gold pieces.

Inventory:

Hand Weapons
 a - a +0 flail (weapon)
 e - a cursed -1 giant club
 p - a +0 mace
 A - a +1 giant spiked club
Armour
 b - a +0 animal skin (worn)
Scrolls
 g - 4 scrolls of remove curse
 l - a scroll of recharging
 m - a scroll of identify
 s - 6 scrolls of teleportation
Potions
 h - a potion of cancellation
 j - a potion of magic
 k - a potion of ambrosia
 n - 2 potions of heal wounds {unknown}
 r - 2 potions of mutation
 t - 3 potions of curing {unknown}
 u - 2 potions of flight {unknown}
 z - a potion of haste {unknown}
Comestibles
 c - 3 bread rations
 f - 3 meat rations
 i - a royal jelly
 q - 2 beef jerkies
 w - 3 fruits


   Skills:
 + Level 5.2 Fighting
 + Level 5.8 Maces & Flails
 + Level 5.1 Dodging


You had 7 spell levels left.
You didn't know any spells.

Dungeon Overview and Level Annotations

Branches:
Dungeon (5/15)
 Temple: D:4-7

Altars:
Ashenzari
Fedhas
Gozag
Kikubaaqudgha
Xom

Annotations:
D:5 tschems's ghost, novice HuNe


Innate Abilities, Weirdness & Mutations

You are too large for most types of armour.
You have claws for hands.
Your metabolism is lightning-fast.
You like to eat raw meat.
You heal very quickly.
You are covered in fur (AC +1).
You have very tough skin (AC +2).


Message History

You sock tschems's ghost!
Tschems's ghost is almost destroyed.
Tschems's ghost is infused with unholy energy.
* * * LOW HITPOINT WARNING * * *
Tschems's ghost draws life force from you and is healed!
You barely miss tschems's ghost.
Tschems's ghost is severely damaged.
Tschems's ghost is infused with unholy energy.
* * * LOW HITPOINT WARNING * * *
Tschems's ghost draws life force from you and is healed!
You bludgeon tschems's ghost!!
Tschems's ghost is severely damaged.
Tschems's ghost barely misses you.
You hit tschems's ghost.
Tschems's ghost is almost destroyed.
You are no longer berserk.
You pass out from exhaustion.
You feel yourself slow down.
Tschems's ghost is infused with unholy energy.
You die...

... .. .# #.
#.#### #....#
.#.
#..†.###.##..
.#.#
#....@W......
.#.#
#....###.##..
.#.# #.#'## .#.#
#.#.# ########
.#.# . #.#
#.......
.#(#####.#.###.#
#.######
)#.......#.#...#
#.###...
)#.......#.#.#.#
# #.##....
...#####.#.#.#.#
.#. #.##....


You could see tschems's ghost.

Vanquished Creatures
  The ghost of loom the Skirmisher, an amateur MiBe of Trog (Sewer)
  Menkaure (D:5)
  A phantom (D:4)
  2 ogres (D:4)
  A big kobold (Sewer)
  2 hounds
  An orc priest (D:4)
  2 worker ants (D:4)
  An orc wizard (D:5)
  8 mummies (Ossuary)
  4 adders
  4 river rats
  A shadow imp (D:4)
  An ooze (D:4)
  An adder skeleton (D:5)
  5 worms
  4 dart slugs
  3 giant geckos
  15 orcs
  3 giant cockroaches
  12 goblins
  4 hobgoblins
  5 jackals
  8 kobolds
  2 quokkas (D:4)
  A ball python (D:1)
  5 bats
  3 giant newts
  A goblin zombie (D:4)
  2 hobgoblin zombies (Ossuary)
  3 kobold zombies (Ossuary)
  3 orc zombies (Ossuary)
  A quokka zombie (D:4)
  7 rats
118 creatures vanquished.

Notes
Turn   | Place    | Note
--------------------------------------------------------------
     0 | D:1      | Kloppie the Troll Berserker began the quest for the Orb.
     0 | D:1      | Reached XP level 1. HP: 22/22 MP: 0/0
   134 | D:1      | Reached XP level 2. HP: 21/29 MP: 1/1
   825 | D:2      | Found an opulent altar of Gozag.
   884 | D:2      | Reached ** piety under Trog
  1007 | D:2      | Reached XP level 3. HP: 29/36 MP: 2/2
  1682 | D:3      | Reached XP level 4. HP: 29/45 MP: 3/3
  2064 | D:3      | Found a glowing drain.
  2068 | Sewer    | Entered a sewer
  2105 | Sewer    | Noticed loom's ghost (amateur MiBe)
  2142 | Sewer    | Killed loom's ghost
  2142 | Sewer    | Reached XP level 5. HP: 6/54 MP: 4/4
  2142 | Sewer    | Reached XP level 6. HP: 7/62 MP: 5/5
  2300 | Sewer    | Found a white marble altar of Elyvilon.
  2470 | D:3      | Reached *** piety under Trog
  2851 | D:4      | Found a sand-covered staircase.
  2858 | Ossuary  | Entered an ossuary
  2936 | Ossuary  | Reached XP level 7. HP: 49/70 MP: 6/6
  3089 | D:4      | Reached skill level 5 in Maces & Flails
  3446 | D:4      | Found a shimmering altar of Xom.
  3573 | D:4      | Found an ancient bone altar of Kikubaaqudgha.
  3574 | D:4      | Found a blossoming altar of Fedhas.
  3599 | D:4      | Reached skill level 5 in Fighting
  3755 | D:4      | Found an opulent altar of Gozag.
  3756 | D:4      | Found a shattered altar of Ashenzari.
  3889 | D:5      | Entered Level 5 of the Dungeon
  3953 | D:5      | Reached skill level 5 in Dodging
  3953 | D:5      | Reached XP level 8. HP: 67/80 MP: 7/7
  3962 | D:5      | Noticed Menkaure
  3970 | D:5      | Killed Menkaure
  4351 | D:5      | Noticed tschems's ghost (novice HuNe)
  4369 | D:5      | HP: 2/120 [tschems's ghost/vampiric draining (17)]
  4371 | D:5      | Killed from afar by tschems's ghost

Skill      XL: |  1  2  3  4  5  6  7 |
---------------+----------------------+-----
Maces & Flails | 3 4 5 |  5.8
Fighting       | 3 4 5 |  5.2
Dodging        | 3 4 5 |  5.1

Action                   |  1- 3 |  4- 6 |  7- 9 || total
-------------------------+-------+-------+-------++-------
Melee: Mace              |    98 |    20 |       ||   118
       Flail             |       |   148 |   169 ||   317
Invok: Berserk           |       |     1 |     3 ||     4
       Trog's Hand       |       |     1 |     2 ||     3
  Use: Scroll            |       |       |    13 ||    13
 Stab: Sleeping          |     3 |       |     1 ||     4
  Eat: Chunk             |    21 |     9 |    20 ||    50
Armor: Animal skin       |    40 |    70 |    47 ||   157
Dodge: Dodged            |    57 |   144 |    76 ||   277
